 Dungeon Crawl Stone Soup version 0.31-a0-876-gfe8ebadbca (webtiles) character file.

Game seed: 3972250222254900273

224 Shayle the Changeling (level 6, -4/48 HPs)
             Began as a Human Shapeshifter on Oct 13, 2023.
             Was an Initiate of Ashenzari.
             Succumbed to a gnoll sergeant's poison
             ... on level 3 of the Dungeon.
             The game lasted 00:08:17 (3538 turns).

Shayle the Changeling (Human Shapeshifter)          Turns: 3538, Time: 00:08:19

Health: -4/48      AC:  5    Str: 12 (14) XL:     6   Next: 20%
Magic:  6/6        EV: 10    Int: 11 (12) God:    Ashenzari [......]
Gold:   188        SH:  0    Dex: 11 (13) Spells: 5/5 levels left

rFire   . . .        q - +0 whip (elec)
rCold   . . .        n - orb {*Rage}
rNeg    . . .        x - +0 ring mail
rPois   .            (helmet currently unavailable)
rElec   .            (cloak currently unavailable)
rCorr   .            (gloves currently unavailable)
SInv    .            (boots currently unavailable)
Will    .....        e - amulet of the acrobat
Stlth   +            (no ring)
HPRegen 0.28/turn    (no ring)
MPRegen 0.10/turn

%: random rage (20%), acrobat
@: lethally poisoned (-4 -> -28), beast-form
A: beast (slay +2)
a: Begin Untransformation, Renounce Religion


You were on level 3 of the Dungeon.
You worshipped Ashenzari.
Ashenzari was noncommittal.
You were a hulking beast.
You visited 1 branch of the dungeon, and saw 4 of its levels.

You collected 188 gold pieces.

Inventory:

Hand Weapons
 q - a +0 whip of electrocution (weapon)
 t - the +1 sling of Quynasocw {speed, rN+}
   (You found it on level 3 of the Dungeon)

   rN+:       It protects you from negative energy.
Armour
 a - a +0 animal skin
 m - a +0 pair of gloves
 n - an orb of wrath (worn)
 x - a +0 ring mail (worn)
Jewellery
 e - an amulet of the acrobat (around neck)
Talismans
 c - a beast talisman (active)
 d - a flux talisman
Wands
 r - a wand of charming (7)
 w - a wand of roots (7)
Scrolls
 h - a scroll of fog {unknown}
 i - a scroll of immolation {unknown}
 l - a scroll of poison {unknown}
 p - a scroll of torment {unknown}
 u - a scroll of amnesia {unknown}
 v - a scroll of identify {unknown}
 y - a scroll of teleportation {unknown}
Potions
 b - a potion of lignification
 g - 3 potions of brilliance
 o - a potion of invisibility {unknown}
 s - a potion of mutation {unknown}


   Skills:
 + Level 4.0 Fighting
 - Level 2.0 Dodging
 - Level 3.0 Unarmed Combat
 + Level 4.7 Shapeshifting


You had 5 spell levels left.
You didn't know any spells.
Your spell library contained the following spells:

 Spells                   Type           Power      Damage    Failure   Level
 Magic Dart               Conj           0%         1d3       63%         1
 Call Imp                 Summ           0%         N/A       77%         2
 Inner Flame              Hex/Fire       0%         N/A       94%         3
 Mephitic Cloud           Conj/Pois/Air  0%         N/A       94%         3
 Flame Wave               Conj/Fire      0%         2d4       100%        4
 Sticky Flame             Conj/Fire      0%         2d3       100%        4


Dungeon Overview and Level Annotations

Branches:
Dungeon (4/15)
 Temple: D:4-7

Altars:
Ashenzari
Gozag
Ru

Shops:
D:1 [   D:4 ((=*

Annotations:
D:1 2 runed translucent doors
D:3 2 runed translucent doors, Shayle's ghost, amateur HuSh


Message History

Aim: a gnoll sergeant, wielding a +2 trident of venom and wearing a +0 scale mail (chance to affect: 49%)
The gnoll sergeant resists with some effort.
The gnoll sergeant hits you from afar with a +2 trident of venom.
You are poisoned.
Aiming: Fastroot
Press: ? - help, Shift-Dir - straight line, f/p - gnoll sergeant
Aim: a gnoll sergeant, wielding a +2 trident of venom and wearing a +0 scale mail The roots erupt in riotous growth!
Roots grab the gnoll sergeant.
Roots grab the gnoll.
The grasping roots constrict the gnoll sergeant.
The grasping roots constrict the gnoll.
You feel very sick.
The gnoll sergeant hits you from afar with a +2 trident of venom!
You are more poisoned.
The grasping roots constrict the gnoll sergeant, but do no damage.
The grasping roots constrict the gnoll.
You feel very sick.
The roots release their grip on the gnoll sergeant.
The roots release their grip on the gnoll.
Okay, then.
You feel very sick. The gnoll sergeant misses you.
You feel very sick.
You feel sick.
You feel very sick.
You feel sick.
You feel sick.
The gnoll sergeant attacks as it pursues you!
The gnoll sergeant hits you but does no damage.
You are lethally poisoned!
There is a stone staircase leading up here.
Unknown command.
* * * LOW HITPOINT WARNING * * *
You feel very sick.
The gnoll sergeant hits you from afar with a +2 trident of venom.
* * * LOW HITPOINT WARNING * * *
You are more poisoned.
You climb upwards.
Level annotation: 2 runed translucent doors, Shayle's ghost, amateur HuSh You die...

####.##.##.############........#
#..#.......#..#.#.# #.†......#
....#..8..#....#.#### ###......#
..#..#...#..#.....#.# #......#
†÷.#...8...#.......#### #......#
###.##...##.###.....#)#####.####
##.#.##.##.#.####[.(.##.....#
#######.###### ##############
........# #h# ........######
#.## ......#......###..#
.....#######...##.# #.#..##
###....# #.#...## ######
#.#.#..## ##### #.#.##..#
##...## #...###.###.....##


There were no monsters in sight!

Vanquished Creatures
  An orc priest (D:4)
  An orc wizard (D:4)
  7 adders
  2 dart slugs
  A worm (D:3)
  6 orcs
  11 ball pythons
  9 endoplasms
  6 giant cockroaches
  3 goblins
  8 hobgoblins
  13 jackals
  5 quokkas
  6 bats
  6 frilled lizards
  3 kobolds
  3 rats
91 creatures vanquished.

Notes
Turn   | Place    | Note
-------+----------+-------------------------------------------
     0 | D:1      | Shayle the Human Shapeshifter began the quest for the Orb.
     0 | D:1      | Reached XP level 1. HP: 15/15 MP: 1/1
    52 | D:1      | Found a large runed translucent door.
    52 | D:1      | Found a large runed translucent door.
    54 | D:1      | Noticed an orc priest
    56 | D:1      | Noticed an orc warrior
   145 | D:1      | Reached XP level 2. HP: 17/21 MP: 2/2
   260 | D:1      | Found Iwuaklis's Armour Emporium.
   427 | D:1      | Found a faded altar of an unknown god.
   607 | D:1      | Reached XP level 3. HP: 27/27 MP: 3/3
  1243 | D:2      | Reached XP level 4. HP: 22/34 MP: 4/4
  1747 | D:2      | You fall into a shaft and drop 1 floor!
  1754 | D:3      | Found a sacrificial altar of Ru.
  2178 | D:2      | Reached XP level 5. HP: 41/41 MP: 5/5
  2498 | D:3      | Found a runed translucent door.
  2501 | D:3      | Noticed Shayle's ghost (amateur HuSh)
  2588 | D:3      | Identified the +1 sling of Quynasocw {speed, rN+}
  2745 | D:3      | Found a runed translucent door.
  2860 | D:4      | Found Tichoemo's Weapon Boutique.
  2860 | D:4      | Found Zenuw's Antique Weapon Boutique.
  2865 | D:4      | Found Jykhean's General Store.
  2871 | D:4      | Found Yraqyg's Jewellery Boutique.
  3164 | D:4      | Found a broken altar of Ashenzari.
  3227 | D:4      | Found an opulent altar of Gozag.
  3231 | D:4      | Became a worshipper of Ashenzari the Shackled
  3322 | D:4      | Reached XP level 6. HP: 48/48 MP: 6/6
  3344 | D:3      | HP: 2/72 [endoplasm (2)]
  3538 | D:3      | Succumbed to a gnoll sergeant's poison

Illustrated notes

Levels and vault maps discovered:
D:1:      erik_arrival_cave_to_civilisation [erik_arrival_cave_to_temple],
          layout_basic, basic_ecumenical_altar, serial_shops,
          nicolae_shop_temple_entry_statues_fountains, minmay_misc_feat_tower
D:2:      layout_basic
D:3:      wad_crossroads, layout_rooms, mainiacjoe_overflow_six_doors_small,
          ebering_ghost_sewer_f
D:4:      layout_basic, chequers_temple_overflow_statue_of_worship,
          minmay_shop_grid_forest

Skill      XL: |  1  2  3  4  5  6 |
---------------+-------------------+-----
Fighting       | 2 3 4 |  4.0
Shapeshifting  | 4 |  4.7
Dodging        | |  2.0
Unarmed Combat | |  3.0

Action                     |  1- 3 |  4- 6 || total
---------------------------+-------+-------++-------
  Melee: Unarmed           |    99 |   128 ||   227
         Punch             |     1 |     3 ||     4
         Whip              |       |    48 ||    48
   Fire: Sling             |       |    24 ||    24
  Evoke: Wand              |       |     3 ||     3
    Use: Potion            |       |     5 ||     5
   Stab: Sleeping          |       |     1 ||     1
 Armour: Animal skin       |    47 |    59 ||   106
         Ring mail         |       |    21 ||    21
         Skin              |       |    28 ||    28
  Dodge: Dodged            |    82 |   141 ||   223

Table legend: (Time is in decaauts)
 A = Elapsed time spent in this place.
 B = Non-inter-level travel time spent in this place.
 C = Inter-level travel time spent in this place.
 D = Time resting spent in this place.
 E = Time spent auto-exploring this place.
 F = Levels seen in this place.
 G = Mean time per level.
                   A        B        C        D        E       F      G
               +--------+--------+--------+--------+--------+-----+--------+
         Total |   3583 |   3388 |    195 |    304 |   2139 |   4 |  895.8 |
       Dungeon |   3583 |   3388 |    195 |    304 |   2139 |   4 |  895.8 |
               +--------+--------+--------+--------+--------+-----+--------+

Top non-repeatable levels by time:
     D:1: 1082 daAuts
     D:2: 1004 daAuts
     D:3: 943 daAuts
     D:4: 552 daAuts
